AoeStats
← Kulikulkins4203

Fortress

509748388Analyzed
4v4 RM · 4d ago on Sep 27, 2026· 56m 15s· 8 players
Game mode
Random Map
Map size
Huge
Population
200
Speed
Normal
Resources
Standard
Victory
Conquest
Starting age
Dark Age
Ending age
Imperial Age
RankedLock teamsTeams togetherTeam positionsShared explorationLock speedFull tech treeHidden civsTurbo modeCheats
Victory
Defeat
🇧🇬 Inca · Bulgaria
658
+11
🇨🇴 Persians · Colombia
645
+11
🇪🇸 Franks · Spain
633
+12
🇬🇧 Chinese · United Kingdom
422
+19
🇦🇷 Aztecs · Argentina
593
-16
🇦🇷 Saracens · Argentina
531
-13
🇧🇷 Huns · Brazil
526
-13
🇺🇸 Celts · United States
470
-11
Ykaru_C
3:04 Loom
8:09 Feudal Age
8:56 Double-Bit Axe
10:13 Horse Collar
16:00 Castle Age
16:51 Bow Saw
16:53 Heavy Plow
18:11 Gold Mining
18:08 Elite Skirmisher
19:08 Thumb Ring
19:31 Padded Archer Armor
19:22 Fletching
20:55 Scale Mail Armor
21:06 Forging
21:11 Leather Archer Armor
20:53 Bodkin Arrow
22:20 Chain Mail Armor
24:05 Iron Casting
30:53 Caravan
35:36 Imperial Age
35:52 Elite Mameluke
38:07 Two-Man Saw
42:12 Chemistry
41:33 Ballistics
43:58 Ring Archer Armor
43:29 Bracer
44:00 Plate Mail Armor
44:30 Blast Furnace
44:31 Parthian Tactics
48:35 Scale Barding Armor
50:40 Chain Barding Armor
52:49 Pikeman
54:32 Plate Barding Armor
GroaningCoyote3
1:08 Loom
8:22 Feudal Age
11:13 Double-Bit Axe
11:27 Gold Mining
11:48 Stone Mining
13:36 Wheelbarrow
20:21 Castle Age
18:08 Town Watch
21:08 Husbandry
23:30 Hand Cart
24:18 Forging
24:55 Horse Collar
30:11 Heavy Plow
34:31 Imperial Age
34:37 Bow Saw
36:16 Furor Celtica
36:29 Conscription
36:01 Stronghold
36:30 Cavalier
40:07 Elite Woad Raider
43:21 Iron Casting
42:52 Scale Barding Armor
45:07 Onager
49:10 Elite Skirmisher
Morcego OTCHÓÓÓ
0:38 Loom
10:07 Feudal Age
10:37 Town Watch
11:46 Double-Bit Axe
11:46 Horse Collar
12:49 Stone Mining
12:58 Gold Mining
14:24 Bloodlines
16:51 Man-at-Arms
17:17 Arson
20:06 Wheelbarrow
22:39 Castle Age
25:08 Town Patrol
26:21 Hand Cart
31:11 Imperial Age
29:22 Squires
28:42 Pikeman
28:49 Light Cavalry
29:31 Husbandry
30:28 Heavy Plow
34:41 Marauders
37:04 Cavalier
37:05 Hussar
38:31 Parthian Tactics
37:27 Elite Skirmisher
37:27 Crossbowman
38:13 Thumb Ring
37:43 Sappers
39:07 Atheism
40:22 Elite Tarkan
41:23 Conscription
42:17 Illumination
42:55 Bow Saw
43:32 Gold Shaft Mining
42:40 Paladin
47:13 Two-Man Saw
45:47 Heavy Cavalry Archer
45:52 Long Swordsman
45:53 Halberdier
leomelthorme191
8:01 Feudal Age
8:41 Horse Collar
8:48 Double-Bit Axe
9:50 Wheelbarrow
14:39 Castle Age
13:36 Gold Mining
16:28 Bow Saw
17:24 Gold Shaft Mining
18:00 Sanctity
18:22 Heavy Plow
18:29 Loom
19:17 Hand Cart
19:23 Fervor
Germanico90
9:55 Feudal Age
9:36 Loom
10:42 Double-Bit Axe
10:42 Horse Collar
13:18 Wheelbarrow
17:32 Castle Age
17:17 Bloodlines
18:37 Gold Mining
18:39 Stone Mining
21:25 Bow Saw
21:18 Heavy Plow
21:57 Gold Shaft Mining
21:58 Stone Shaft Mining
22:07 Light Cavalry
22:48 Husbandry
23:26 Thumb Ring
26:11 Elite Skirmisher
41:05 Caravan
43:12 Scale Barding Armor
43:17 Forging
43:16 Padded Archer Armor
43:07 Fletching
46:28 Imperial Age
44:14 Hand Cart
45:45 Iron Casting
45:31 Chain Barding Armor
47:14 Capped Ram
47:18 Cavalier
49:56 Hussar
51:44 Savar
55:48 Conscription
55:40 Citadels
55:34 Siege Ram
zenpegasus4
6:15 Feudal Age
11:08 Double-Bit Axe
15:24 Loom
15:05 Man-at-Arms
17:02 Wheelbarrow
20:34 Castle Age
23:07 Coinage
23:26 Husbandry
22:47 Light Cavalry
23:33 Gold Mining
24:08 Pikeman
30:08 Scale Barding Armor
30:14 Forging
31:44 Caravan
33:35 Chain Barding Armor
38:13 Iron Casting
40:13 Imperial Age
42:00 Hand Cart
41:36 Town Watch
43:05 Cavalier
44:46 Paladin
48:36 Gold Shaft Mining
48:30 Squires
54:16 Blast Furnace
53:52 Plate Barding Armor
georgi_atanasov
16:08 Feudal Age
23:04 Wheelbarrow
22:15 Town Watch
23:17 Horse Collar
23:23 Double-Bit Axe
23:29 Gold Mining
23:29 Stone Mining
26:48 Castle Age
28:10 Heavy Plow
28:21 Bow Saw
28:47 Gold Shaft Mining
28:47 Stone Shaft Mining
28:21 Caravan
29:10 Hand Cart
28:56 Town Patrol
31:27 Imperial Age
30:24 Forging
30:14 Scale Mail Armor
30:19 Squires
30:04 Arson
32:12 Iron Casting
31:53 Chain Mail Armor
33:09 Elite Kamayuk
33:50 Fabric Shields
34:11 Conscription
36:06 Blast Furnace
36:03 Plate Mail Armor
55:38 Treadmill Crane
56:20 Ballistics
57:00 Chemistry
55:52 Heated Shot
Kulikulkins4203
6:50 Feudal Age
7:24 Town Watch
8:15 Double-Bit Axe
8:50 Horse Collar
17:15 Castle Age
16:48 Forging
19:26 Bow Saw
20:07 Heavy Plow
20:04 Gold Mining
21:31 Wheelbarrow
21:03 Stone Mining
22:51 Fletching
23:38 Iron Casting
22:35 Pikeman
25:52 Caravan
27:34 Gold Shaft Mining
29:11 Thumb Ring
29:26 Murder Holes
29:51 Ballistics
29:43 Masonry
30:20 Fortified Wall
31:09 Bodkin Arrow
34:09 Imperial Age
31:49 Great Wall
33:38 Town Patrol
34:24 Hand Cart
34:30 Heavy Rocket Cart
37:13 Chemistry
35:59 Arrowslits
37:35 Coinage
36:28 Halberdier
38:19 Conscription
38:47 Bracer
39:48 Blast Furnace
40:27 Banking
40:00 Arson
43:07 Rocketry
43:55 Bloodlines
45:30 Architecture
49:51 Light Cavalry
50:32 Husbandry
52:19 Elite Fire Lancer
55:04 Elite Chu Ko Nu
Connection lost

Rejoining the realm…

Still unreachable

The connection could not be restored.

Session expired

The server has moved on; the page needs a fresh start.